Map: Incorporeal LE

Players

Cure

  • Race: Terran Terran
  • Spawn Location: 11:00

Serral - Winner!

  • Race: Zerg Zerg
  • Spawn Location: 5:00

Event: Esports World Cup 2025

VOD

Have the link to the VOD?

Description

Time

  • Played on: July 25, 2025, 6:38 a.m.
  • Length: 22:34

All games in this series

Show
View Real Time Build Order
Export as new Build Order

Cure Terran 

Build Orders: Reaper Expand, Hellion Banshee 

Get SALT Encoding   

  12  0:00  SCV  
  13  0:12  SCV  
  14  0:16  Supply Depot  
  14  0:24  SCV  
  15  0:38  SCV  
  15  0:40  Barracks  
  15  0:42  Refinery  
  16  0:50  SCV  
  17  1:02  SCV  
  18  1:14  SCV  
  19  1:27  Orbital Command, Reaper  
  20  1:37  Command Center  
  20  1:45  Supply Depot  
  20  1:52  SCV  
  21  1:58  Marine  
  22  2:04  SCV  
  23  2:09  Factory  
  23  2:16  SCV  
  23  2:19  Barracks Reactor  
  24  2:29  SCV  
  25  2:41  SCV  
  25  2:43  Command Center  
  26  2:52  Orbital Command  
  26  2:53  SCV  
  26  2:57  Starport  
  27  3:05  SCV  
  28  3:08  Hellion  
  28  3:10  Hellion  
  32  3:15  Refinery  
  32  3:18  SCV x2  
  34  3:20  Barracks Tech Lab  
  34  3:30  SCV x2  
  34  3:31  Hellion  
  34  3:32  Hellion  
  40  3:42  SCV x2  
  40  3:43  Banshee  
  40  3:44  Marine  
  46  3:58  Orbital Command, SCV x2  
  47  4:03  Cloaking Field  
  47  4:06  Hellion  
  47  4:07  Hellion  
  47  4:09  Barracks Tech Lab  
  51  4:11  SCV  
  51  4:13  Supply Depot  
  52  4:18  SCV  
  52  4:23  SCV  
  54  4:25  Banshee  
  54  4:30  SCV x2  
  57  4:33  Orbital Command, Marine  
  57  4:35  SCV  
  59  4:40  Factory Reactor  
  59  4:43  Supply Depot, Barracks  
  59  4:44  Barracks, SCV  
  60  4:47  SCV  
  60  4:50  Refinery  
  60  4:51  Marine  
  60  4:52  Stimpack  
  62  4:56  SCV  
  62  4:59  SCV  
  64  5:03  Engineering Bay  
  64  5:05  Refinery  
  64  5:06  Engineering Bay  
  64  5:07  SCV  
  64  5:08  SCV  
  64  5:09  Marine  
  64  5:12  SCV  
  68  5:19  SCV  
  68  5:20  SCV  
  67  5:24  SCV  
  67  5:25  Bunker  
  68  5:32  Marine x2  
  68  5:33  Marine  
  68  5:34  Terran Infantry Armor Level 1, Terran Infantry Weapons Level 1  
  68  5:35  Starport Reactor  
  71  5:38  SCV  
  71  5:39  Barracks, SCV x2  
  71  5:40  Barracks  
  74  5:45  Supply Depot  
  74  5:48  Supply Depot x2  
  74  5:50  Siege Tank  
  77  6:04  SCV x2  
  77  6:06  Marine x5  
  77  6:07  SCV  
  83  6:14  Refinery  
  83  6:15  Supply Depot  
  83  6:16  Supply Depot, SCV x2, Medivac x2  
  89  6:19  SCV  
  89  6:24  Marine x4, Siege Tank  
  97  6:28  SCV x2, Armory  
  97  6:30  Barracks Reactor  
  97  6:31  SCV, Barracks Reactor  
  100  6:39  Combat Shield  
  100  6:40  SCV x2  
  100  6:43  SCV  
  100  6:45  Marine x5  
  108  6:52  SCV  
  109  6:58  Siege Tank  
  112  7:02  Barracks  
  112  7:03  Barracks, Marine x4  
  112  7:04  Marauder  
  112  7:05  Barracks  
  112  7:06  SCV  
  117  7:10  Supply Depot  
  117  7:11  Supply Depot  
  117  7:15  Supply Depot  
  117  7:25  Missile Turret  
  117  7:28  Command Center  
  117  7:31  Marine x4, SCV  
  117  7:33  Medivac x2  
  117  7:35  Terran Infantry Armor Level 2, Terran Infantry Weapons Level 2  
  126  7:40  SCV x2  
  126  7:43  SCV  
  129  7:50  Marauder, Marine x4  
  129  7:51  Marine x2, Siege Tank  
  136  7:55  Supply Depot  
  136  7:56  SCV x3  
  141  7:59  Supply Depot  
  141  8:06  Supply Depot x2, Barracks Tech Lab  
  141  8:07  Supply Depot, Barracks Tech Lab x2  
  141  8:17  Marauder, Marine x4  
  149  8:20  Marine x2  
  149  8:21  Supply Depot  
  149  8:22  Supply Depot  
  149  8:23  Refinery  
  149  8:25  Concussive Shells  
  151  8:28  Marine x2  
  151  8:29  Marauder  
  153  8:35  Marine x2  
  153  8:38  Marauder, Marine x2, Medivac  
  153  8:39  Marauder  
  163  8:44  Medivac  
  163  8:45  Widow Mine  
  163  8:46  Widow Mine  
  163  8:47  Marauder x2  
  173  8:49  SCV x3  
  173  8:53  Marine  
  173  8:54  Marauder, Marine  
  180  8:58  Marine x3  
  180  8:59  Marauder  
  180  9:00  Marauder  
  184  9:02  Marine  
  184  9:08  Marine x2  
  187  9:13  Marine x2  
  187  9:15  Marauder  
  187  9:16  Marine x3  
  160  9:19  Medivac x2  
  160  9:21  Marauder, Widow Mine x2  
  160  9:23  Planetary Fortress  
  154  9:25  Marine x2  
  154  9:26  Marauder  
  157  9:31  Marauder, Marine x2  
  157  9:36  Marine x2  
  157  9:37  Marauder  
  165  9:42  Marauder, Widow Mine x2  
  165  9:44  Marauder  
  173  9:56  Marine x4  
  173  9:57  Marauder x2  
  173  9:59  Medivac x2  
  181  10:00  Marauder, Marine x2  
  181  10:03  Marine, Widow Mine x2  
  181  10:05  Marauder  
  192  10:14  Marine x4  
  191  10:18  Marauder x2  
  191  10:20  Marine x2  
  196  10:21  Marine  
  196  10:25  Marauder  
  196  10:27  Marauder  
  196  10:32  Marine x4  
  195  10:38  Marine  
  195  10:39  Marauder, Marine  
  179  10:48  Command Center  
  176  10:53  Marauder, Marine x3  
  176  10:54  Marauder, Marine  
  176  10:56  Supply Depot  
  175  11:01  Marauder, Marine x2  
  172  11:04  Terran Infantry Weapons Level 3  
  172  11:08  Terran Infantry Armor Level 3  
  165  11:13  Marauder, Marine x3  
  170  11:20  Marauder, Marine x2  
  168  11:39  Marine x6  
  168  11:40  Marauder x3  
  168  11:42  Marine  
  168  11:43  Marauder  
  168  11:46  Widow Mine  
  144  11:55  Medivac  
  144  11:56  Medivac  
  144  11:57  Marine x6  
  144  12:01  Marauder, SCV x3  
  148  12:05  Marauder x3  
  156  12:21  Widow Mine x2  
  160  12:28  Marine x2  
  160  12:29  Marauder x2, Marine x2  
  168  12:34  Marauder x2, Marine x3  
  173  12:44  Sensor Tower, Planetary Fortress  
  173  12:46  Marine  
  173  12:49  Widow Mine x2  
  178  12:52  Medivac  
  180  13:04  Medivac  
  181  13:07  Marine x4  
  181  13:08  Marauder x3  
  189  13:20  Command Center  
  189  13:24  Marauder, Marine x3  
  189  13:25  Marine  
  195  13:30  Marauder, Marine x2  
  199  13:34  Starport  
  199  13:36  Fusion Core  
  198  13:42  Marine x3  
  198  13:43  Marine x2  
  198  13:47  Marine x2  
  198  13:48  Marauder, Marine x2  
  197  13:52  Marauder  
  199  14:02  Starport  
  199  14:16  Marine  
  200  14:17  Marauder  
  200  14:22  Refinery  
  200  14:29  Marauder x3, Marine x6  
  192  14:35  Marine  
  192  14:36  Advanced Ballistics, Liberator x2  
  192  14:37  Starport Reactor  
  194  14:38  Marauder  
  194  14:45  Command Center  
  194  14:46  Marine x4  
  194  14:47  Marauder  
  194  14:48  Starport Reactor  
  191  15:05  Widow Mine x2  
  192  15:08  Planetary Fortress  
  192  15:13  Refinery  
  192  15:19  Liberator x2  
  192  15:20  Neosteel Armor, Hi-Sec Auto Tracking, Terran Vehicle And Ship Armor Level 1  
  192  15:21  Missile Turret  
  196  15:33  Liberator  
  199  15:39  Command Center  
  199  15:48  Caduceus Reactor  
  199  15:54  Marine  
  199  15:56  Sensor Tower  
  200  16:07  Marauder, Marine x3  
  200  16:09  Marine x3  
  200  16:10  Marauder x2  
  195  16:13  Liberator x4  
  195  16:14  Widow Mine  
  195  16:15  Widow Mine  
  195  16:16  Marine  
  195  16:17  Marauder  
  195  16:18  Orbital Command  
  182  16:25  Marine x3  
  175  16:26  Liberator x2  
  175  16:27  Marine x2  
  175  16:28  Marauder  
  175  16:29  Marauder  
  175  16:31  Marauder  
  175  16:32  Marauder  
  189  16:34  Marine  
  189  16:38  Marine  
  191  16:43  Marine x3  
  191  16:45  Marine x2  
  196  16:49  Marauder, Widow Mine  
  200  17:02  Missile Turret  
  195  17:08  Marine x4  
  195  17:09  Marauder, Marine  
  195  17:10  Marauder  
  195  17:13  Marauder, Marine x3  
  195  17:15  Liberator x5  
  181  17:16  Widow Mine x2  
  191  17:26  Marine x3  
  194  17:30  Marauder  
  194  17:31  Marauder, Marine x2  
  193  17:37  Marine x2  
  193  17:38  Marauder x2  
  185  17:52  Liberator  
  185  17:53  Widow Mine x2  
  185  17:58  Liberator x3  
  199  18:08  Sensor Tower  
  199  18:16  Planetary Fortress  
  199  18:19  Sensor Tower  
  198  18:29  Marauder  
  199  18:44  Marauder x4, Marine x6  
  199  18:45  Liberator x3  
  199  18:47  Liberator x2  
  178  18:49  Marine  
  155  19:01  Marine  
  151  19:06  Marauder, Marine x2  
  155  19:10  SCV x2  
  155  19:11  SCV  
  158  19:17  Marauder, Marine x2  
  158  19:20  Widow Mine  
  164  19:25  Marine  
  164  19:26  Marauder  
  164  19:32  Marine x3  
  164  19:33  Marauder  
  167  19:43  Marine x2  
  167  19:44  Marauder, Marine x3  
  157  19:48  Marine  
  157  19:50  Marine  
  159  19:54  Marauder  
  161  20:01  Medivac x3  
  162  20:15  Marine x2  
  162  20:16  Marauder x2, Marine x2  
  162  20:20  Orbital Command  
  170  20:26  Marauder  
  159  20:31  Medivac  
  159  20:34  Marine  
  151  20:45  Marauder, Marine  
  154  20:50  Orbital Command  
  145  21:01  Liberator x2  
  152  21:10  Liberator  
  155  21:22  Supply Depot x2  
  155  21:23  Supply Depot  
  144  21:44  Marine x3, Liberator  
  144  21:45  Marauder x2, Marine, Liberator  
  147  21:47  Marine  
  136  21:57  Marauder x2, Marine x2  
  134  22:01  Marine  
  134  22:07  Marine x2  
  134  22:08  Marauder  
Show
View Real Time Build Order
Export as new Build Order

Serral Zerg - Winner!

Build Orders: Hatch First 

Get SALT Encoding   

  12  0:00  Drone  
  13  0:07  Drone  
  14  0:14  Drone, Extractor  
  15  0:21  Overlord  
  15  0:40  Drone  
  16  0:45  Hatchery  
  16  0:49  Drone  
  16  0:52  Drone  
  16  0:56  Drone  
  18  1:06  Extractor  
  17  1:11  Spawning Pool  
  17  1:14  Drone  
  17  1:17  Drone  
  18  1:26  Drone  
  19  1:37  Drone  
  20  1:48  Drone  
  21  1:57  Queen x2  
  21  1:58  Zergling x2  
  21  1:59  Zergling x2  
  27  2:10  Overlord  
  27  2:11  Drone  
  28  2:28  Extractor  
  28  2:29  Drone x3  
  30  2:33  Queen  
  30  2:34  Queen  
  34  2:42  Overlord  
  34  2:43  Drone, Extractor  
  34  2:44  Drone  
  36  2:52  Overlord  
  36  2:55  Extractor  
  37  3:06  Hatchery  
  37  3:07  Drone x3  
  37  3:09  Drone  
  40  3:13  Drone x2  
  40  3:16  Drone x2  
  40  3:19  Drone  
  45  3:22  Drone  
  46  3:31  Roach Warren  
  45  3:35  Overlord  
  45  3:36  Drone x2  
  45  3:40  Drone  
  48  3:43  Drone x3  
  48  3:44  Drone  
  52  3:50  Extractor x2  
  52  3:53  Evolution Chamber  
  49  3:56  Drone x4  
  51  4:04  Queen  
  51  4:05  Overlord  
  51  4:07  Lair  
  51  4:09  Drone  
  54  4:17  Drone x5  
  54  4:21  Drone x2  
  61  4:27  Evolution Chamber  
  61  4:28  Zerg Ground Armor Level 1  
  61  4:31  Extractor  
  59  4:32  Drone x2, Extractor  
  59  4:35  Roach  
  59  4:36  Roach  
  59  4:37  Overlord  
  67  4:41  Roach  
  67  4:42  Roach  
  67  4:44  Drone  
  72  4:46  Drone  
  72  4:51  Overlord  
  73  4:52  Overlord  
  73  4:53  Drone  
  73  4:57  Overlord  
  74  5:02  Queen  
  75  5:07  Drone x2, Spore Crawler  
  75  5:09  Drone x2  
  75  5:11  Drone  
  76  5:14  Overseer  
  76  5:16  Drone x2  
  76  5:18  Drone x3  
  76  5:21  Drone x2  
  83  5:23  Extractor  
  83  5:26  Drone x4  
  83  5:28  Glial Reconstitution  
  86  5:32  Drone x3  
  86  5:34  Roach  
  93  5:35  Roach  
  93  5:40  Overseer, Extractor  
  93  5:41  Drone, Extractor  
  92  5:43  Drone x3  
  92  5:44  Drone  
  92  5:47  Infestation Pit  
  92  5:48  Overlord  
  95  5:55  Hatchery  
  95  5:56  Drone  
  95  5:57  Drone x2  
  97  6:03  Evolution Chamber  
  97  6:04  Baneling Nest, Drone  
  95  6:05  Drone x2  
  95  6:06  Drone x2  
  95  6:07  Drone  
  101  6:13  Drone x3  
  101  6:17  Drone  
  101  6:18  Drone x2  
  107  6:20  Overlord, Spore Crawler  
  107  6:23  Spore Crawler  
  107  6:24  Hive  
  105  6:32  Zerg Melee Weapons Level 1, Zerg Ground Armor Level 2  
  105  6:33  Roach  
  105  6:34  Roach  
  105  6:36  Overlord  
  105  6:38  Roach  
  111  6:43  Overlord x3  
  111  6:46  Extractor  
  110  6:49  Centrifugal Hooks  
  110  6:51  Metabolic Boost, Roach x2  
  114  6:57  Drone x3  
  114  6:59  Zergling x8  
  121  7:05  Roach x3  
  121  7:06  Zergling x4  
  129  7:13  Zergling x10  
  134  7:19  Zergling x2  
  134  7:20  Zergling x6  
  138  7:25  Drone, Overlord  
  138  7:28  Zergling x12  
  145  7:32  Overlord  
  145  7:33  Overlord  
  145  7:34  Overlord, Queen  
  147  7:41  Overlord  
  147  7:50  Viper  
  147  7:51  Viper x2  
  148  7:53  Zergling x10  
  148  7:55  Ravager x3  
  148  7:56  Hatchery  
  161  8:04  Baneling x8  
  161  8:05  Baneling x2  
  161  8:10  Zergling x2, Adrenal Glands  
  161  8:11  Zergling x20  
  161  8:12  Pneumatized Carapace  
  172  8:19  Hydralisk Den  
  171  8:22  Baneling x3  
  171  8:23  Baneling x3  
  171  8:24  Overlord x2  
  171  8:27  Overlord  
  171  8:29  Zergling x18  
  171  8:34  Overseer x2  
  179  8:42  Drone  
  179  8:43  Drone x2  
  179  8:44  Drone  
  179  8:46  Zergling x12  
  188  8:50  Zerg Melee Weapons Level 2  
  188  8:51  Zerg Ground Armor Level 3  
  188  8:53  Zergling x2  
  188  8:54  Zergling x6  
  192  8:59  Zergling x16  
  196  9:02  Baneling  
  196  9:03  Ravager x4, Baneling x4  
  196  9:04  Baneling x7  
  196  9:08  Baneling x3  
  197  9:16  Zergling x12  
  184  9:19  Zergling x12  
  184  9:23  Muscular Augments  
  178  9:25  Drone x2  
  178  9:28  Zergling x6  
  182  9:33  Zergling x10  
  182  9:36  Burrow  
  187  9:41  Baneling x9  
  187  9:45  Zergling x14, Overseer  
  194  9:50  Infestor  
  194  10:05  Zergling x16  
  191  10:18  Zergling x30  
  195  10:25  Zergling x12  
  195  10:27  Grooved Spines  
  194  10:34  Zergling x8  
  182  10:37  Infestor  
  182  10:42  Zergling x2  
  159  10:46  Zergling x2  
  159  10:47  Zergling x6  
  159  10:48  Queen x2  
  164  10:50  Baneling x9  
  164  10:52  Zergling x2  
  164  10:55  Zergling x2  
  164  10:56  Zergling x2  
  167  11:01  Zergling x2  
  152  11:04  Hydralisk x2  
  152  11:06  Hatchery, Zerg Missile Weapons Level 1  
  152  11:07  Hydralisk  
  152  11:08  Hydralisk  
  151  11:13  Hydralisk  
  151  11:16  Hydralisk x2  
  156  11:19  Hydralisk x9  
  156  11:22  Zergling x2  
  156  11:24  Baneling  
  156  11:25  Baneling x7  
  174  11:28  Zergling x2  
  168  11:36  Hydralisk x3  
  154  11:40  Zergling x4  
  154  11:42  Zergling x2  
  143  11:50  Hydralisk  
  143  11:52  Hydralisk  
  141  11:56  Hydralisk x6, Hatchery  
  150  12:03  Lurker Den  
  150  12:04  Lair  
  149  12:14  Zergling x6, Hatchery  
  151  12:19  Zergling x2  
  151  12:21  Unknown, Hatchery  
  151  12:22  Infestor  
  151  12:27  Hydralisk x2  
  155  12:35  Infestor x2  
  155  12:36  Zergling x6  
  161  12:40  Zergling x4  
  162  12:44  Infestor  
  162  12:50  Zergling x2  
  164  13:00  Infestor  
  164  13:03  Hydralisk x2  
  164  13:04  Zergling x10  
  170  13:18  Zergling x6  
  173  13:25  Zergling x6  
  176  13:30  Hive  
  176  13:31  Lurker x2  
  178  13:36  Zergling x10  
  182  13:46  Zergling x2  
  182  13:47  Zergling x10  
  181  13:56  Drone x4  
  181  13:57  Drone x2  
  181  13:59  Drone x3  
  184  14:05  Infestor x2  
  184  14:09  Infestor  
  188  14:10  Zerg Missile Weapons Level 2  
  188  14:13  Zergling x8  
  192  14:24  Zergling x14  
  192  14:27  Zergling x2  
  192  14:28  Zergling x8  
  188  14:33  Zergling x10  
  188  14:38  Overlord  
  187  14:40  Zergling x8  
  187  14:43  Seismic Spines  
  191  14:58  Hydralisk x2  
  191  14:59  Zergling x20  
  199  15:03  Lurker  
  200  15:07  Extractor  
  200  15:08  Drone  
  200  15:20  Nydus Network  
  198  15:29  Extractor x2  
  198  15:32  Drone x3  
  198  15:33  Hydralisk x4, Infestor  
  193  15:37  Drone x6  
  193  15:39  Hatchery  
  193  15:40  Adaptive Talons  
  196  15:49  Lurker x4  
  196  15:56  Zergling x12  
  198  15:59  Hydralisk x2  
  198  16:00  Zergling x4  
  197  16:10  Hydralisk x3  
  197  16:11  Zergling x2  
  186  16:13  Hydralisk x2  
  186  16:14  Zergling x12  
  174  16:23  Overseer  
  174  16:25  Lurker x2  
  173  16:26  Drone  
  173  16:29  Zerg Missile Weapons Level 3  
  173  16:30  Hydralisk x3  
  173  16:31  Zergling x14  
  187  16:35  Lurker x3  
  187  16:39  Infestor  
  192  16:40  Infestor  
  192  16:41  Overseer  
  192  16:49  Hydralisk x3  
  198  17:02  Nydus Canal  
  188  17:09  Hydralisk x3  
  188  17:10  Zergling x6  
  188  17:14  Zergling x10  
  174  17:24  Lurker  
  174  17:25  Lurker x7  
  180  17:33  Zergling x10  
  182  17:44  Zergling x14  
  186  17:58  Hatchery, Viper x3  
  186  18:03  Hydralisk x2  
  198  18:09  Nydus Canal  
  198  18:12  Zerg Melee Weapons Level 3  
  197  18:17  Hydralisk x2  
  199  18:27  Nydus Canal  
  195  18:45  Hydralisk x2  
  195  18:46  Zergling x28  
  180  18:50  Zergling x2  
  180  18:51  Zergling x2  
  180  18:53  Nydus Canal  
  170  19:02  Drone x3  
  173  19:03  Lurker x5  
  173  19:04  Spore Crawler  
  173  19:06  Hatchery, Infestor  
  173  19:07  Hydralisk x2  
  173  19:08  Zergling x2  
  180  19:10  Nydus Canal  
  180  19:15  Overlord x2  
  180  19:30  Hydralisk x2  
  177  19:31  Zergling x18  
  177  19:33  Nydus Canal  
  170  19:46  Drone x3  
  170  19:47  Drone x4, Infestor  
  177  19:55  Hydralisk x2  
  177  19:56  Zergling x4  
  179  20:03  Lurker x5  
  182  20:10  Lurker x2  
  182  20:11  Lurker  
  182  20:12  Hydralisk  
  187  20:14  Hatchery  
  187  20:19  Hydralisk  
  187  20:20  Hydralisk x2  
  186  20:26  Hydralisk x2  
  186  20:27  Zergling x2  
  183  20:30  Zergling x4  
  182  20:38  Zergling x12  
  188  20:44  Nydus Canal  
  188  20:48  Zergling x10  
  193  20:53  Zergling x6  
  195  20:57  Spore Crawler  
  195  20:59  Nydus Canal  
  195  21:00  Infestor  
  195  21:02  Hydralisk x2  
  194  21:21  Hydralisk x2  
  194  21:22  Zergling x2  
  199  21:25  Nydus Canal  
  199  21:35  Zergling x4  
  196  21:41  Hatchery  
  196  21:45  Nydus Canal  
  185  21:49  Zergling x18  
  192  22:02  Nydus Canal  
  192  22:03  Zergling x20  
  196  22:09  Zergling x6  
  196  22:10  Zergling x2  
  196  22:17  Zergling x10  
Tags
 
Add a new tag
Caveats
  • Supply blocks, unpowered buildings, or Contaminate may cause inaccurate times.
  • Supply counts are checked every 10 seconds.